 Dungeon Crawl Stone Soup version 0.20-a0-46-g4a4b873 (webtiles) character file.

17696 Duffy the Cleaver (level 12, 0/97 HPs)
             Began as a Formicid Gladiator on Nov 14, 2016.
             Was a Priest of Cheibriados.
             Killed from afar by Azrael (17 damage)
             ... with a fireball
             ... on level 13 of the Dungeon.
             The game lasted 00:26:38 (15059 turns).

Duffy the Cleaver (Formicid Gladiator)             Turns: 15059, Time: 00:26:39

Health: 0/97       AC: 19    Str: 32    XL:     12   Next: 85%
Magic:  3/18       EV: 11    Int: 18    God:    Cheibriados [***...]
Gold:   352        SH:  8    Dex: 22    Spells: 0 memorised, 11 levels left

rFire  + . .     SeeInvis +     l - +4 war axe (elec)
rCold  . . .     Gourm    .     y - +0 plate armour
rNeg   . . .     Faith    .     k - +2 buckler {rF+}
rPois  .         Spirit   .     (helmet unavailable)
rElec  .         Reflect  .     K - +2 cloak
rCorr  .         Harm     .     n - +0 pair of gloves
MR     +....                    u - +0 pair of boots
Stlth  ..........               (no amulet)
                                w - ring of stealth
                                C - +4 ring of strength

@: very slow
A: permanent stasis, dig shafts and tunnels, four strong arms, antennae 3,
subdued magic 1
a: Dig, Shaft Self, Bend Time, Temporal Distortion, Renounce Religion


You were on level 13 of the Dungeon.
You worshipped Cheibriados.
Cheibriados was most pleased with you.
You were not hungry.

You visited 2 branches of the dungeon, and saw 14 of its levels.

You collected 651 gold pieces.
You spent 299 gold pieces at shops.

Inventory:

Hand Weapons
 j - the +7 Singing Sword
   (You found it on level 4 of the Dungeon)
 l - a +4 war axe of electrocution (weapon)
 x - a +0 dire flail
 M - a +0 blowgun
Missiles
 c - 3 throwing nets (quivered) {!f}
 i - 4 curare-tipped needles
Armour
 k - a +2 buckler of fire resistance (worn)
 n - a +0 pair of gloves (worn)
 o - the +1 scale mail of the Lich-sworn {rF++}
   (You found it on level 5 of the Dungeon)

   It greatly protects you from fire.
 u - a +0 pair of boots (worn)
 y - a +0 plate armour (worn)
 K - a +2 cloak (worn)
Jewellery
 w - a ring of stealth (right hand)
 C - a +4 ring of strength (left hand)
Wands
 f - a wand of flame (18/48)
 h - a wand of paralysis (11/24)
 J - a wand of flame (28/48)
 N - a wand of lightning (8/15)
Scrolls
 a - a scroll of holy word
 r - 10 scrolls of remove curse
 s - 4 scrolls of fear
 t - a scroll of identify
 z - 2 scrolls of fog
 A - 2 scrolls of enchant armour
 E - 3 scrolls of enchant weapon
 H - a scroll of magic mapping
 I - 2 scrolls of vulnerability
 L - 2 scrolls of silence {unknown}
Potions
 b - 2 potions of resistance
 e - a potion of cancellation
 g - 8 potions of curing
 m - a potion of heal wounds
 p - 2 potions of flight
 q - a potion of brilliance
 D - 3 potions of lignification
 P - a potion of might
Comestibles
 d - 10 bread rations
 v - 2 meat rations
 B - 6 beef jerkies
 F - a royal jelly
 G - 8 fruits
 O - 6 chunks of flesh


   Skills:
 - Level 10.2 Fighting
 + Level 14.1 Axes
 - Level 2.0 Throwing
 - Level 8.0 Armour
 - Level 3.5 Dodging
 - Level 4.0 Shields
 + Level 8.3 Invocations


You had 11 spell levels left.
You didn't know any spells.

Dungeon Overview and Level Annotations

Branches:
Dungeon (13/15)            Temple (1/1) D:7            Lair (0/6) D:10
    Orc (0/2) D:9
 Vaults: D:13-14

Altars:
Ashenzari
Cheibriados
Dithmenos
Elyvilon
Fedhas
Gozag
Hepliaklqana
Kikubaaqudgha
Makhleb
Nemelex Xobeh
Okawaru
Qazlal
Ru
Sif Muna
Trog
Uskayaw
Vehumet
Xom
Yredelemnul
Zin
The Shining One

Shops:
D:4 !?*   D:7 !   D:8 }   D:11 [[?[   D:12 !

Annotations:
D:12 Kirke
D:13 Azrael


Innate Abilities, Weirdness & Mutations

You are under a permanent stasis effect.
You can dig through walls and to a lower floor.
Your four strong arms can wield two-handed weapons with a shield.
You have a pair of large antennae on your head. (SInv)
Your spells are a little easier to cast, but a little less powerful.


Message History

The fireball engulfs Azrael.
Azrael completely resists.
You hear a bellow!
You hear a screech!
You hear a shout!
You can feel time thicken for a moment.
You kill the hell hound!
Cheibriados thoroughly appreciates the change of pace.
You kill the hell hound!
Cheibriados thoroughly appreciates the change of pace.
You kill the hell hound!
Cheibriados thoroughly appreciates the change of pace.
You feel somewhat more hungry.
You can no longer inflict damage on those overly hasty.
Cheibriados lowers the support of your attributes as your movement quickens.
Azrael gestures at you.
The sphere of damnation explodes!
The damnation engulfs you!
The damnation engulfs Azrael.
Azrael completely resists.
You cut Azrael into ribbons!!!
Azrael is almost dead.
Azrael gestures at you.
The fireball explodes!
The fireball engulfs you! You resist.
You die...

#.......#.#..# #.#
.{.........#.###.#
#...##......#.#
#H#..#.###..#.# #%....)#
#....#####.
#.)##..####.........
#..##.....###(##.#..
#...#..##....)...##
###.#@##.####.).....#
..##.....R)..............
.........).#...#...#####.
.....#####...###..###
...## ##.....0. ##
#.##... ..#.## #... #...


You could see Azrael and a hippogriff.

Vanquished Creatures
  A hydra (D:13)
  Harold (D:12)
  Urug (D:13)
  Sonja (D:13)
  An unseen horror (D:10)
  2 hill giants (D:10)
  A cyclops (D:11)
  4 ugly things
  Maurice (D:11)
  Joseph (D:8)
  Psyche (D:8)
  A komodo dragon (D:10)
  A two-headed ogre (D:12)
  6 slime creatures
  5 hippogriffs
  13 yaks
  2 humans (D:10)
  A wyvern (D:13)
  A basilisk (D:12)
  A steam dragon (D:10)
  The ghost of KristoblXynda the Stinger, an amateur DrVM (D:4)
  4 hell hounds (D:13)
  A porcupine (D:10)
  A water moccasin (D:8)
  3 ice beasts
  4 orc warriors
  6 ogres
  A necrophage (D:8)
  3 sky beasts
  A black bear (D:9)
  A phantom (D:7)
  3 centaurs
  A crocodile (D:9)
  5 bullfrogs
  3 wyvern zombies
  A gnoll sergeant (D:10)
  11 scorpions
  4 killer bees (D:7)
  3 wights (D:10)
  A howler monkey (D:9)
  3 bullfrog zombies
  2 crimson imps
  2 centaur zombies
  A jelly (D:7)
  2 quasits
  4 hounds
  2 gnoll shamans
  9 orc priests
  2 bullfrog skeletons
  9 orc wizards
  2 iguanas
  10 worker ants
  A hound zombie (D:8)
  2 hound skeletons
  A worker ant zombie (D:10)
  14 gnolls
  14 adders
  2 howler monkey skeletons
  3 shadow imps
  An ooze (D:2)
  An adder skeleton (D:9)
  3 worms
  3 dart slugs
  9 leopard geckos
  34 orcs
  A ball python (D:3)
  3 giant cockroaches
  10 goblins
  9 hobgoblins
  13 jackals
  A quokka (D:4)
  A ball python zombie (D:5)
  12 bats
  2 frilled lizards
  4 kobolds
  2 leopard gecko skeletons (D:4)
  2 quokka zombies
  9 rats
309 creatures vanquished.

Vanquished Creatures (others)
  3 orcs (D:11)
  A frilled lizard (D:4)
  A fungus (D:4)
  14 plants (D:10)
19 creatures vanquished.

Grand Total: 328 creatures vanquished

Notes
Turn   | Place    | Note
-------+----------+-------------------------------------------
     0 | D:1      | Duffy the Formicid Gladiator began the quest for the Orb.
     0 | D:1      | Reached XP level 1. HP: 16/16 MP: 1/1
   411 | D:2      | Reached XP level 2. HP: 6/22 MP: 2/2
   629 | D:1      | Reached skill level 1 in Shields
   882 | D:1      | Reached XP level 3. HP: 27/27 MP: 3/3
  1161 | D:1      | Reached skill level 2 in Shields
  1558 | D:2      | Reached skill level 4 in Axes
  1558 | D:2      | Reached XP level 4. HP: 24/33 MP: 4/4
  2413 | D:2      | Reached XP level 5. HP: 38/38 MP: 5/5
  2958 | D:2      | Reached skill level 5 in Axes
  3079 | D:2      | Reached XP level 6. HP: 28/44 MP: 6/6
  3328 | D:3      | Reached skill level 6 in Axes
  3955 | D:4      | Reached skill level 1 in Armour
  4277 | D:4      | Reached skill level 2 in Armour
  4277 | D:4      | Reached XP level 7. HP: 33/50 MP: 7/7
  4898 | D:3      | Reached skill level 3 in Armour
  5063 | D:4      | Found Vusteg's Magic Scroll Shop.
  5096 | D:4      | Noticed KristoblXynda's ghost (amateur DrVM)
  5298 | D:4      | Killed KristoblXynda's ghost
  5298 | D:4      | Reached skill level 7 in Axes
  5298 | D:4      | Reached skill level 4 in Armour
  5466 | D:4      | Bought a scroll of fog for 26 gold pieces
  5466 | D:4      | Bought a scroll of identify for 26 gold pieces
  5466 | D:4      | Bought a scroll of fear for 45 gold pieces
  5466 | D:4      | Bought a scroll of enchant armour for 97 gold pieces
  5484 | D:4      | Reached XP level 8. HP: 53/56 MP: 8/8
  5732 | D:4      | Found Nudus's Distillery.
  5855 | D:4      | Found Paom Epu's Assorted Antiques.
  6540 | D:5      | Entered Level 5 of the Dungeon
  6634 | D:5      | Reached skill level 5 in Armour
  6927 | D:5      | Got a smelly scale mail
  6943 | D:4      | Identified the +1 scale mail of the Lich-sworn {rF++} (You found it on level 5 of the Dungeon)
  7228 | D:5      | Reached skill level 8 in Axes
  7291 | D:6      | Reached skill level 6 in Armour
  7876 | D:6      | Reached XP level 9. HP: 51/61 MP: 9/9
  7939 | D:6      | Reached skill level 7 in Armour
  8251 | D:4      | Bought a scroll of identify for 38 gold pieces
  8251 | D:4      | Bought a glowing black potion for 17 gold pieces
  8291 | D:4      | Bought a potion of heal wounds for 50 gold pieces
  8356 | D:7      | Found a staircase to the Ecumenical Temple.
  8367 | Temple   | Entered the Ecumenical Temple
  8612 | Temple   | Became a worshipper of Cheibriados the Contemplative
  8640 | D:7      | Reached skill level 9 in Axes
  8976 | D:7      | Reached skill level 8 in Armour
  9124 | D:7      | Reached * piety under Cheibriados
  9336 | D:7      | Noticed a hippogriff
  9344 | D:7      | Killed a hippogriff
  9344 | D:7      | Reached skill level 3 in Fighting
  9495 | D:7      | Found Lorghad's Distillery.
  9578 | D:8      | Found Ypepedu's Quality Used Wands.
  9598 | D:8      | Noticed a hippogriff
  9604 | D:8      | Killed a hippogriff
  9604 | D:8      | Reached skill level 4 in Fighting
  9604 | D:8      | Reached skill level 10 in Axes
  9604 | D:8      | Reached XP level 10. HP: 68/73 MP: 10/10
  9661 | D:8      | Noticed Joseph
  9685 | D:8      | Killed Joseph
  9685 | D:8      | Reached skill level 5 in Fighting
  9880 | D:8      | Reached skill level 6 in Fighting
  9915 | D:8      | Noticed Psyche
  9918 | D:8      | You fall through a shaft for 3 floors!
  9933 | D:11     | Reached ** piety under Cheibriados
  9933 | D:11     | Reached skill level 3 in Shields
  9975 | D:11     | Noticed Sonja
  9983 | D:11     | Reached skill level 3 in Dodging
  9988 | D:11     | Reached skill level 4 in Shields
  9999 | D:11     | Reached skill level 11 in Axes
 10010 | D:11     | Reached skill level 7 in Fighting
 10155 | D:10     | Entered Level 10 of the Dungeon
 10190 | D:10     | Found an iron altar of Okawaru.
 10369 | D:10     | Reached XP level 11. HP: 84/84 MP: 11/11
 10652 | D:10     | Noticed a hill giant
 10663 | D:10     | Killed a hill giant
 10663 | D:10     | Reached skill level 8 in Fighting
 11190 | D:10     | Reached skill level 12 in Axes
 11247 | D:11     | Reached *** piety under Cheibriados
 11387 | D:10     | Reached skill level 9 in Fighting
 11401 | D:10     | Found a staircase to the Lair.
 11420 | D:10     | Noticed a hill giant
 11423 | D:10     | Killed a hill giant
 11645 | D:10     | Noticed an unseen horror
 11654 | D:10     | Killed an unseen horror
 11973 | D:9      | Reached **** piety under Cheibriados
 11981 | D:9      | Noticed a red ugly thing
 11992 | D:9      | Killed a red ugly thing
 11992 | D:9      | Reached skill level 10 in Fighting
 11997 | D:9      | Gained mutation: Your spells are a little easier to cast, but a little less powerful. [mutagenic meat]
 12182 | D:9      | Found a staircase to the Orcish Mines.
 12647 | D:8      | Killed Psyche
 12647 | D:8      | Reached skill level 1 in Invocations
 12980 | D:11     | Noticed a cyclops
 12992 | D:11     | Reached skill level 2 in Invocations
 12996 | D:11     | Killed a cyclops
 12996 | D:11     | Reached skill level 13 in Axes
 12996 | D:11     | Reached XP level 12. HP: 40/97 MP: 12/14
 13297 | D:11     | Noticed Maurice
 13312 | D:11     | Killed Maurice
 13312 | D:11     | Reached skill level 3 in Invocations
 13370 | D:11     | Found Ynoim's Armour Shoppe.
 13446 | D:11     | Found Feel's Antique Armour Emporium.
 13475 | D:11     | Reached skill level 4 in Invocations
 13510 | D:11     | Found Ybucw's Armour Shoppe.
 13542 | D:11     | Found Efum's Magic Scroll Boutique.
 13840 | D:12     | Reached skill level 5 in Invocations
 14306 | D:12     | Reached ***** piety under Cheibriados
 14411 | D:12     | Found Caryq's Distillery.
 14433 | D:12     | Reached skill level 6 in Invocations
 14532 | D:12     | Noticed Harold
 14544 | D:12     | Killed Harold
 14558 | D:12     | Noticed Kirke
 14563 | D:12     | You fall through a shaft!
 14575 | D:13     | Killed Sonja
 14575 | D:13     | Reached skill level 7 in Invocations
 14715 | D:13     | Noticed Urug
 14726 | D:13     | Killed Urug
 15022 | D:13     | Noticed a four-headed hydra
 15029 | D:13     | Killed a four-headed hydra
 15029 | D:13     | Reached skill level 14 in Axes
 15029 | D:13     | Reached skill level 8 in Invocations
 15049 | D:13     | Noticed Azrael
 15059 | D:13     | Killed from afar by Azrael

Vault maps used:
D:1:      lemuel_arrival_hallway
D:2:      first_bread
D:4:      old_forge, serial_shops, shop, shop, nicolae_shop_crystal
D:7:      serial_shops, nicolae_shop_stone
D:8:      grunt_ogre_cave, minmay_misc_feat_ornament, nicolae_for_you_no_charge,
          uniq_psyche, uniq_joseph
D:9:      orc_0_dummy
D:10:     david_lair_shrubbed, okawaru_humans
D:11:     serial_shops, nicolae_shop_behind_doors, kennysheep_little_box,
          nicolae_shop_trees, shop, uniq_maurice, uniq_sonja
D:12:     serial_shops, nicolae_shop_stone, uniq_harold, uniq_kirke
D:13:     lightli_vaults_fourway_checkpoint, uniq_azrael, uniq_urug,
          uniq_josephine
Temple:   nicolae_temple_the_god_donut

Skill      XL: |  1  2  3  4  5  6  7  8  9 10 11 12 |
---------------+-------------------------------------+-----
Shields        | 1 2 4 |  4.0
Axes           | 4 5 6 7 8 10 11 13 14 | 14.1
Armour         | 2 4 6 8 |  8.0
Fighting       | 4 7 10 | 10.2
Dodging        | 3 |  3.5
Invocations    | 2 8 |  8.3
Throwing       | |  2.0

Action                   |  1- 3 |  4- 6 |  7- 9 | 10-12 || total
-------------------------+-------+-------+-------+-------++-------
Melee: War axe           |    75 |   211 |   381 |   455 ||  1122
       Double sword      |       |       |    19 |       ||    19
       Dire flail        |       |       |       |     3 ||     3
Throw: Throwing net      |     2 |     2 |     1 |     1 ||     6
Invok: Slouch            |       |       |       |     5 ||     5
 Abil: Dig               |     2 |     3 |     4 |    13 ||    22
       Shaft Self        |       |       |       |     2 ||     2
  Use: Scroll            |       |     6 |     9 |     9 ||    24
       Potion            |       |       |     2 |     7 ||     9
 Stab: Invisible         |       |       |       |     3 ||     3
  Eat: Chunk             |     1 |    11 |    20 |     6 ||    38
       Beef jerky        |       |     1 |       |       ||     1
       Meat ration       |       |       |     1 |       ||     1
Armor: Leather armour    |    13 |    15 |       |       ||    28
       Chain mail        |       |    31 |       |       ||    31
       Ring mail         |       |     4 |       |       ||     4
       Plate armour      |       |    71 |   197 |   181 ||   449
Dodge: Dodged            |    47 |    98 |   164 |   162 ||   471
Block: Buckler           |    11 |    78 |   118 |   146 ||   353
       Rpst.: Double sword |       |       |     3 |       ||     3
